[Event "Early-Titled-Tuesday-Blitz-May-07-2024"]
[Site "Chess.com"]
[Date "2024.05.07"]
[Round "5"]
[White "Lily_Schirmbeck"]
[Black "Kostina_Nadezhda"]
[Result "0-1"]
[WhiteElo "1659"]
[BlackElo "2283"]
[TimeControl "180+1"]
[EndTime "8:58:37 PDT"]
[Termination "Kostina_Nadezhda won by checkmate"]

1. c4 e5 2. Nc3 Nc6 3. g3 Nf6 4. Bg2 Bb4 5. d3 O-O 6. Nf3 d6 7.
O-O Be6 8. Bd2 h6 9. a3 Bxc3 10. Bxc3 e4 11. Nd4 Nxd4 12. Bxd4 exd3 13. Qxd3 c6 14.
Qc3 Qe7 15. Rfd1 Rfe8 16. Bxf6 Qxf6 17. Qxf6 gxf6 18. Rxd6 Bxc4 19. e3 Be6 20. Rad1 Kf8 21.
b4 Ke7 22. b5 cxb5 23. Bxb7 Rad8 24. Rxd8 Rxd8 25. Rxd8 Kxd8 26. Bc6 Bc4 27. Kg2 Kc7 28. Be4 Bb3 29. Bd3 Kb6 30. Kf1 Ka5 31. Ke2 Ka4 32.
Kd2 a6 33. Bc2 Bxc2 34. Kxc2 Kxa3 35. Kb1 b4 36. f4 b3 37. e4 b2 38. g4 Kb3 39. e5 a5 40. e6 fxe6 41. g5 hxg5 42. f5 a4 43. fxe6 a3 44. e7 a2# 0-1

[Event "Early-Titled-Tuesday-Blitz-May-07-2024"]
[Site "Chess.com"]
[Date "2024.05.07"]
[Round "5"]
[White "2346PL"]
[Black "AnaKuchava"]
[Result "1-0"]
[WhiteElo "2545"]
[BlackElo "2210"]
[TimeControl "180+1"]
[EndTime "8:58:39 PDT"]
[Termination "2346PL won by resignation"]

1. d4 d5 2. Nf3 Nf6 3. c3 Bg4 4. Qb3 Qc8 5. Bf4 e6 6. Nbd2 Bd6 7. e3 O-O 8. Bd3 Bxf4 9. exf4 c5 10. dxc5 Nbd7 11. O-O Nxc5 12. Qc2 Nxd3 13. Qxd3 Qc7 14. Ne5 Bf5 15. Qe2 Ne4 16. Nxe4 Bxe4 17. f3 Bg6 18. g3 Rfe8 19. Rfd1 f6 20. Nxg6 hxg6 21. Qd3 Qc5+ 22. Kh1 Kf7 23. Qd4 Rac8 24. Qxc5 Rxc5 25. Rd4 b5 26. a4 e5 27. fxe5 fxe5 28. Rb4 bxa4 29. Rbxa4 Rb5 30. Rxa7+ Kf6 31. R1a6+ Re6 32. b4 Rxa6 33. Rxa6+ Kf5 34. Rd6 d4 35. cxd4 Rxb4 36. dxe5 Kxe5 37. Rxg6 Rb7 38. Kg2 Rf7 39. h4 Kd5 40. h5 Ke5 41. f4+ Kd5 42. Kf3 Ra7 43. Kg4 1-0

[Event "Early-Titled-Tuesday-Blitz-May-07-2024"]
[Site "Chess.com"]
[Date "2024.05.07"]
[Round "5"]
[White "kylnmd"]
[Black "AsaHoffmann"]
[Result "0-1"]
[WhiteElo "2240"]
[BlackElo "2414"]
[TimeControl "180+1"]
[EndTime "8:58:39 PDT"]
[Termination "AsaHoffmann won by checkmate"]

1. d4 Nf6 2. c4 c5 3. Nf3 cxd4 4. Nxd4 e5 5. Nb5 d5 6. cxd5 Bb4+ 7. N1c3 O-O 8. a3 Bc5 9. a4 a6 10. Na3 Bf5 11. e3 Nbd7 12. Bd3 e4 13. Bc4 Ne5 14. O-O Bg4 15. Be2 Qd6 16. Bxg4 Nexg4 17. g3 Qe5 18. Nc4 Qh5 19. h4 Rad8 20. Qe2 Rfe8 21. Rd1 g5 22.
Kg2 gxh4 23. Rh1 Qf5 24. Rxh4 h5 25. Bd2 Nxd5 26. Rah1 Ndf6 27. Nd1 b5 28. axb5 axb5 29. Na5 Rxd2 30. Qxd2 Qf3+ 31. Kg1 Re5 32. Nb3 Bb4 33. Qxb4 Qxd1+ 34. Kg2 Qf3+ 35. Kg1 Qxf2# 0-1

[Event "Early-Titled-Tuesday-Blitz-May-07-2024"]
[Site "Chess.com"]
[Date "2024.05.07"]
[Round "5"]
[White "Jospem"]
[Black "Shota_Azaladze"]
[Result "1-0"]
[WhiteElo "3053"]
[BlackElo "2722"]
[TimeControl "180+1"]
[EndTime "8:58:40 PDT"]
[Termination "Jospem won by resignation"]

1. e4 g6 2. d4 Bg7 3. c3 d6 4. Bd3 e5 5. Nf3 Nc6 6. O-O Nf6 7. h3 O-O 8. Re1 a6 9. Nbd2 exd4 10. cxd4 Nd7 11. Nb3 Nb4 12. Bb1 c5 13. Be3 b5 14.
Qd2 Nc6 15. Bh6 Bb7 16. Bxg7 Kxg7 17. dxc5 dxc5 18. Qc3+ Kg8 19. Nxc5 Nxc5 20. Qxc5 Rc8 21. Qe3 Re8 22. Bd3 Nb4 23. Rad1 Qf6 24. e5 Qg7 25. Be4 Nc2 26. Bxc2 Rxc2 27. Rd7 Bxf3 28. Qxf3 Qf8 29. Qb3 Rc5 30. e6 fxe6 31. Rxe6 Rc4 32. Qe3 Rcc8 33. Rxe8 Rxe8 34. Qb3+ Kh8 35. Qc3+ Kg8 36.
Qd2 Qf5 37. f4 Qb1+ 38. Kh2 Qe4 39. Ra7 h5 40. Qd6 Rf8 41. Rxa6 Kh7 42. Qxf8 1-0

[Event "Early-Titled-Tuesday-Blitz-May-07-2024"]
[Site "Chess.com"]
[Date "2024.05.07"]
[Round "5"]
[White "Legendinunknown"]
[Black "PavelShkapenko"]
[Result "1-0"]
[WhiteElo "2831"]
[BlackElo "2718"]
[TimeControl "180+1"]
[EndTime "8:58:40 PDT"]
[Termination "Legendinunknown won by resignation"]

1. e4 e5 2. Nc3 Nf6 3. Bc4 Be7 4. Nf3 Nc6 5. d3 d6 6. h3 Na5 7. Be3 Nxc4 8. dxc4 Be6 9. b3 O-O 10. Qd3 Nd7 11.
O-O-O c6 12. Kb2 f5 13. h4 Qc7 14. Ng5 Bxg5 15. hxg5 fxe4 16. Nxe4 Bf5 17. f3 Nc5 18.
Qxd6 Qxd6 19. Nxd6 Ne6 20. Nxb7 e4 21. Rd6 exf3 22.
gxf3 Rf7 23. Nc5 Nxc5 24. Bxc5 Bg6 25. Rhd1 Re8 26. Rxc6 Rxf3 27. Rd7 a5 28. Rcc7 Rf7 29. Rxf7 Bxf7 30. a4 h5 31. gxh6 gxh6 32. Bb6 Re5 33.
Rc8+ Kh7 34. Bd4 Re4 35. Kc3 h5 36. c5 h4 37. c6 Be6 38. Rh8+ Kg6 39. c7 h3 40. c8=Q Bxc8 41. Rxc8 Rh4 42. Be5 h2 43. Bxh2 Rxh2 44. Rc6+ 1-0

[Event "Early-Titled-Tuesday-Blitz-May-07-2024"]
[Site "Chess.com"]
[Date "2024.05.07"]
[Round "5"]
[White "Navyblue1"]
[Black "jinxy2009"]
[Result "1-0"]
[WhiteElo "2248"]
[BlackElo "2278"]
[TimeControl "180+1"]
[EndTime "8:58:40 PDT"]
[Termination "Navyblue1 won by resignation"]

1. d4 Nf6 2. c4 g6 3. Nc3 d5 4. Nf3 Bg7 5. Qb3 dxc4 6. Qxc4 O-O 7. Bf4 c6 8. e4 Bg4 9. Be2 Nbd7 10. O-O Rc8 11.
Qb3 c5 12. d5 Nh5 13. Be3 b6 14. Rad1 f5 15. d6+ e6 16. Qxe6+ Kh8 17. h3 Re8 18. Qc4 Bxf3 19. Bxf3 Ne5 20. Qe2 Nxf3+ 21. Qxf3 Bxc3 22. d7 fxe4 23. dxe8=Q+ Qxe8 24. Qg4 Be5 25. Kh1 Nf6 26. Qh4 Qe6 27. b3 Bc7 28. Bg5 Qe5 29. Bxf6+ 1-0

[Event "Early-Titled-Tuesday-Blitz-May-07-2024"]
[Site "Chess.com"]
[Date "2024.05.07"]
[Round "5"]
[White "Zq1"]
[Black "GMKrikor"]
[Result "0-1"]
[WhiteElo "2623"]
[BlackElo "2853"]
[TimeControl "180+1"]
[EndTime "8:58:41 PDT"]
[Termination "GMKrikor won by resignation"]

1. d4 Nf6 2. c4 g6 3. Nc3 d5 4.
Nf3 Bg7 5. cxd5 Nxd5 6. Bd2 c5 7.
Rc1 O-O 8. dxc5 Nc6 9. e3 Ndb4 10. a3 Nd3+ 11. Bxd3 Qxd3 12. Qe2 Bf5 13. e4 Qxe2+ 14. Kxe2 Bg4 15. Be3 f5 16. h3 Bxf3+ 17. gxf3 f4 18.
Bd2 Nd4+ 19. Kd3 Nxf3 20. Rhd1 Rad8+ 21. Kc2 Nd4+ 22. Kb1 Nb3 23. Rc2 Bxc3 24. bxc3 Rd3 25. Rb2 Nxc5 26. Re1 Rxh3 27. e5 Nd3 28. Re4 Nxb2 29. Kxb2 Rf3 30. Be1 h5 0-1

[Event "Early-Titled-Tuesday-Blitz-May-07-2024"]
[Site "Chess.com"]
[Date "2024.05.07"]
[Round "5"]
[White "Mr_ruthless"]
[Black "Barbix1"]
[Result "1-0"]
[WhiteElo "2493"]
[BlackElo "2270"]
[TimeControl "180+1"]
[EndTime "8:58:41 PDT"]
[Termination "Mr_ruthless won on time"]

1. Nf3 Nf6 2. g3 g6 3. Bg2 Bg7 4. O-O O-O 5. c4 d5 6. d4 dxc4 7. Na3 c3 8. bxc3 c5 9. Ne5 Qa5 10. Qb3 Qa6 11. Nb5 Qb6 12. Nc4 Qd8 13. dxc5 Na6 14. Rd1 Qe8 15. Ba3 Rb8 16. Nxa7 Be6 17. Rab1 Nd7 18. Qb5 Ndxc5 19. Bxc5 Qxb5 20. Nxb5 Bxc4 21. Bxe7 Rfe8 22. Bd6 Rbd8 23. Bxb7 Nb8 24. Bxb8 Rxb8 25.
Nd6 Bxe2 26. Nxe8 Bxd1 27. Nxg7 Kxg7 28. Rxd1 Rxb7 29. a4 Ra7 30. Ra1 Kf6 31. a5 Ke5 32. a6 Kd5 33. Ra4 Kc5 34. Kg2 f5 35. Kf3 Kb5 36. Ra3 1-0

[Event "Early-Titled-Tuesday-Blitz-May-07-2024"]
[Site "Chess.com"]
[Date "2024.05.07"]
[Round "5"]
[White "bazar-wokzal"]
[Black "PapiPapita"]
[Result "1-0"]
[WhiteElo "2576"]
[BlackElo "2406"]
[TimeControl "180+1"]
[EndTime "8:58:43 PDT"]
[Termination "bazar-wokzal won by resignation"]

1. e4 c6 2. d4 d5 3. f3 dxe4 4.
fxe4 e5 5. Nf3 Bg4 6. c3 Nd7 7. Bd3 Ngf6 8. O-O Bd6 9. Nbd2 O-O 10. Nc4 Bc7 11. Bg5 h6 12. Bh4 b5 13. Ne3 Bh5 14. g4 Bg6 15. g5 Nxe4 16. gxh6 Qb8 17. hxg7 Re8 18. Bxe4 Bxe4 19. Ng5 Bg6 20. Nf5 exd4 21.
Nxf7 Bf4 22. Qg4 Bxf7 23. Rxf4 Ne5 24. Qg5 Re6 25. Nh6+ Kh7 26. Bg3 Rg6 27. Rxf7 Nxf7 28. Qxg6+ Kxg6 29. Bxb8 Kxh6 30. g8=Q 1-0

[Event "Early-Titled-Tuesday-Blitz-May-07-2024"]
[Site "Chess.com"]
[Date "2024.05.07"]
[Round "5"]
[White "stepanosinovsky"]
[Black "lefonghua"]
[Result "0-1"]
[WhiteElo "2324"]
[BlackElo "2560"]
[TimeControl "180+1"]
[EndTime "8:58:43 PDT"]
[Termination "lefonghua won on time"]

1. Nf3 Nf6 2. g3 g6 3. Bg2 Bg7 4. O-O O-O 5. d3 d6 6. Nbd2 c5 7. e4 Nc6 8. Re1 Nd7 9. h4 Rb8 10. h5 b5 11. Nf1 Nd4 12. Ne3 Nxf3+ 13. Qxf3 Ne5 14. Qe2 b4 15. hxg6 hxg6 16. f4 Nc6 17. g4 Nd4 18. Qf2 e6 19. g5 f5 20. exf5 Nxf5 21.
Nxf5 gxf5 22. Qh4 Qe7 23. Rb1 Bd4+ 24. Be3 Qh7 25. Qf2 Qg7 26. Bxd4 Qxd4 27. Re2 Qxf2+ 28. Kxf2 Kg7 29. Rd1 d5 30. d4 c4 31. Bf3 Bd7 32. Kg3 Rh8 33. Rh2 Rxh2 34. Kxh2 a5 35. Kg3 a4 36. Rc1 a3 37. Rb1 b3 38. cxb3 cxb3 39.
bxa3 bxa2 40. Ra1 Rb2 41. Bd1 Rb1 42. Rxa2 Rxd1 43. Rb2 Rd3+ 0-1

[Event "Early-Titled-Tuesday-Blitz-May-07-2024"]
[Site "Chess.com"]
[Date "2024.05.07"]
[Round "5"]
[White "thesupera12"]
[Black "masnyszachistaaa"]
[Result "0-1"]
[WhiteElo "2448"]
[BlackElo "2588"]
[TimeControl "180+1"]
[EndTime "8:58:47 PDT"]
[Termination "masnyszachistaaa won by resignation"]

1. d4 Nf6 2. Bg5 d5 3. Bxf6 gxf6 4. e3 c6 5. c4 f5 6. cxd5 cxd5 7. Nc3 e6 8. Nf3 Nd7 9. g3 Nf6 10. Bb5+ Bd7 11.
Qa4 a6 12. Bxd7+ Qxd7 13. Qxd7+ Nxd7 14. Rc1 Rc8 15. Kd2 Nb6 16. b3 Ba3 17. Rc2 Ke7 18. Nb1 Rxc2+ 19. Kxc2 Rc8+ 20. Kd3 Bd6 21. Nc3 Nd7 22. Rc1 Rc6 23. Rc2 Nf6 24. h3 Ne4 25.
Ne1 Rxc3+ 26. Rxc3 Nxf2+ 27. Ke2 Nxh3 28. Kf3 Ng5+ 29.
Kg2 Kd7 30. Nf3 Ne4 31. Rc1 Nxg3 32. Ne5+ Bxe5 33. dxe5 Ne4 34. Rh1 Nc3 35. Rxh7 Ke7 36.
Rh8 Nxa2 37. Rb8 b5 38. Rb7+ Kf8 39. Ra7 Nb4 40. Kg3 Kg7 41. Kf3 Kg6 42. Kg3 Nc2 43.
Rxa6 Nxe3 44. Rb6 d4 45. Rxb5 d3 46. Kf3 d2 47. Kxe3 d1=Q 48. Rb4 Qe1+ 49. Kd3 Qxb4 0-1

[Event "Early-Titled-Tuesday-Blitz-May-07-2024"]
[Site "Chess.com"]
[Date "2024.05.07"]
[Round "5"]
[White "kritipatel"]
[Black "vedantgoswami"]
[Result "1-0"]
[WhiteElo "2192"]
[BlackElo "2354"]
[TimeControl "180+1"]
[EndTime "8:58:49 PDT"]
[Termination "kritipatel won by checkmate"]

1. e4 a6 2. d4 b6 3. Bd3 Bb7 4. Be3 g6 5. f4 Bg7 6. Nf3 d6 7.
O-O Nd7 8. e5 e6 9. c3 Ne7 10.
Nbd2 Nf5 11. Bf2 h5 12. Qe1 Bh6 13. g3 dxe5 14. fxe5 Qe7 15. Qe2 O-O 16. Ne4 c5 17. Be1 cxd4 18. cxd4 Ne3 19. Rf2 Ng4 20. Rg2 Ne3 21.
Bd2 f5 22. exf6 Nxf6 23. Bxe3 Nxe4 24. Bxh6 Nc5 25. Bxf8 Rxf8 26. Rf1 Nxd3 27. Qxd3 Qd6 28. Rgf2 Kg7 29. Ne5 Qd5 30. Qxg6+ Kh8 31. Rxf8# 1-0

[Event "Early-Titled-Tuesday-Blitz-May-07-2024"]
[Site "Chess.com"]
[Date "2024.05.07"]
[Round "5"]
[White "OparinGrigoriy"]
[Black "GMG"]
[Result "1-0"]
[WhiteElo "2987"]
[BlackElo "2827"]
[TimeControl "180+1"]
[EndTime "8:58:50 PDT"]
[Termination "OparinGrigoriy won on time"]

1. c4 c5 2. g3 g6 3. Bg2 Bg7 4. Nc3 Nc6 5. e3 d6 6. Nge2 Bf5 7. d3 Qd7 8. h3 h5 9. a3 e5 10. b4 Nge7 11. bxc5 dxc5 12. e4 Be6 13. Nd5 O-O 14. Bg5 f6 15. Be3 Nd4 16. Bxd4 cxd4 17. Nxe7+ Qxe7 18. O-O Bh6 19. f4 Bf7 20. Kh1 Rac8 21. a4 Rc6 22.
Rb1 b6 23. h4 Rc5 24. Kh2 Be8 25. Ng1 Ra5 26. Ra1 exf4 27. gxf4 Qd6 28. Qf3 Bxa4 29. Qg3 Kh7 30. e5 fxe5 31. fxe5 Rxe5 32. Rxa4 Rxf1 33. Rxa7+ Kh8 34. Bxf1 Qf6 35. Nh3 Re3 36. Qb8+ Bf8 37.
Bg2 1-0

[Event "Early-Titled-Tuesday-Blitz-May-07-2024"]
[Site "Chess.com"]
[Date "2024.05.07"]
[Round "5"]
[White "jk13"]
[Black "balack95"]
[Result "0-1"]
[WhiteElo "2655"]
[BlackElo "2517"]
[TimeControl "180+1"]
[EndTime "8:58:50 PDT"]
[Termination "balack95 won by resignation"]

1. e4 c5 2. c3 Nf6 3. e5 Nd5 4. Bc4 e6 5. Nf3 Be7 6. d4 cxd4 7. cxd4 d6 8. O-O O-O 9. Qe2 Nc6 10. a3 Qc7 11. Bxd5 exd5 12. Nc3 Be6 13. exd6 Bxd6 14.
Nb5 Qd7 15. Nxd6 Qxd6 16. Bg5 h6 17. Bh4 Bg4 18. Rad1 Rfe8 19. Qd3 Re4 20. Qc3 Bxf3 21. Bg3 Qf6 22. gxf3 Re2 23. b4 a6 24. a4 h5 25. b5 axb5 26. axb5 Ne7 27. Rfe1 Rxe1+ 28. Rxe1 Ng6 29. h3 Qf5 30. Kg2 h4 31. Bh2 Qg5+ 32. Kh1 Ra2 33. f4 Qf5 34. Qf3 Rd2 35. Kg1 Rxd4 36.
Re3 Re4 37. Kg2 Nxf4+ 38. Bxf4 Rxf4 39. Re8+ Kh7 40. Qe2 d4 41. Re5 Rxf2+ 42. Qxf2 Qxe5 43. Qxh4+ Kg6 44. b6 Qg5+ 45. Qxg5+ Kxg5 0-1

[Event "Early-Titled-Tuesday-Blitz-May-07-2024"]
[Site "Chess.com"]
[Date "2024.05.07"]
[Round "5"]
[White "Onischuk_V"]
[Black "Antosha_Chekhonte"]
[Result "1-0"]
[WhiteElo "2826"]
[BlackElo "2570"]
[TimeControl "180+1"]
[EndTime "8:58:51 PDT"]
[Termination "Onischuk_V won on time"]

1. e4 c6 2. d4 d5 3. Nc3 dxe4 4. Nxe4 Nf6 5. Nxf6+ exf6 6. c3 Bd6 7. Bd3 O-O 8. Qc2 Re8+ 9. Ne2 h5 10. Be3 Nd7 11. O-O-O Nf8 12. Rhe1 Be6 13. Kb1 b5 14. Nf4 Bxf4 15. Bxf4 a5 16. Be4 Bd5 17. f3 a4 18.
Bc1 Qd7 19. Re2 Qd6 20. Rde1 Bc4 21. Bh7+ Nxh7 22. Rxe8+ Rxe8 23. Rxe8+ Nf8 24. Qe4 Be6 25. Qf4 Qd5 26. Qb8 Qf5+ 27. Ka1 Qc2 28. Rxf8+ Kh7 29. Rh8+ Kg6 30. Qf4 Bf5 31. Rh6+ 1-0

[Event "Early-Titled-Tuesday-Blitz-May-07-2024"]
[Site "Chess.com"]
[Date "2024.05.07"]
[Round "5"]
[White "Alphafischer2019"]
[Black "RantomOpening"]
[Result "0-1"]
[WhiteElo "2645"]
[BlackElo "2516"]
[TimeControl "180+1"]
[EndTime "8:58:51 PDT"]
[Termination "RantomOpening won by resignation"]

1. Nf3 d5 2. g3 e6 3. Bg2 Nf6 4. O-O c5 5. d3 Nc6 6. Nbd2 Be7 7. e4 O-O 8. Re1 b5 9. exd5 exd5 10. d4 Qb6 11. c3 h6 12. Ne5 Be6 13. Nxc6 Qxc6 14.
dxc5 Bxc5 15. Nb3 Bg4 16. Qd3 Bb6 17. Nd4 Qc4 18. Qxc4 bxc4 19. Be3 Rfe8 20. h3 Bd7 21.
Rad1 Rab8 22. Nc2 Ba4 23. Bxb6 Bxc2 24. Rxe8+ Rxe8 25. Rc1 Be4 26. Bxa7 Bxg2 27. Kxg2 Ra8 28. Bc5 Rxa2 29. Ba3 Ne4 30. Rd1 Nxc3 31. Rd4 Nb5 32. Rxd5 Nxa3 33. bxa3 Rxa3 34. Rc5 Rc3 35. Rc7 g6 36. g4 Kg7 37. Rc6 Rc2 38. Kg3 c3 39. f4 Kf8 40. Rc7 Ke8 41. Rc8+ Kd7 42. Rf8 Ke7 43.
Rc8 Rc1 44. Kg2 c2 45. Rc3 Kd6 46. Rc8 Kd5 47. Rc7 Ke4 48. Rc4+ Ke3 49. f5 gxf5 50. gxf5 Kd3 51. Rc8 Rd1 52. Rd8+ Ke4 0-1

[Event "Early-Titled-Tuesday-Blitz-May-07-2024"]
[Site "Chess.com"]
[Date "2024.05.07"]
[Round "5"]
[White "Alina_Gumerovna"]
[Black "talaicito"]
[Result "0-1"]
[WhiteElo "2174"]
[BlackElo "2377"]
[TimeControl "180+1"]
[EndTime "8:58:51 PDT"]
[Termination "talaicito won on time"]

1. e4 c5 2. Nf3 d6 3. d4 cxd4 4. Nxd4 Nf6 5. Nc3 g6 6. f3 Bg7 7.
Be3 Nc6 8. Qd2 O-O 9. O-O-O d5 10. Nxc6 bxc6 11. Bh6 Be6 12. Bxg7 Kxg7 13. e5 Nd7 14. h4 h5 15. g4 Rh8 16. gxh5 Rxh5 17. f4 Bg4 18. Be2 Bxe2 19. Qxe2 e6 20. Qf2 Qb6 21. Qf3 Rb8 22. b3 Rbh8 23. Qg3 Qd8 24. Qe3 c5 25. Ne2 Rxh4 26. Rxh4 Rxh4 27. Rg1 Qh8 28. Qf2 Rh1 29.
Kb2 Rxg1 30. Qxg1 Qh5 31. Qf2 Qg4 32. Nc3 Qf5 33. a4 d4 34. Nb5 a6 35. Nc7 Nxe5 36. Nxa6 d3 0-1

[Event "Early-Titled-Tuesday-Blitz-May-07-2024"]
[Site "Chess.com"]
[Date "2024.05.07"]
[Round "5"]
[White "SharapovEvgeny"]
[Black "platy3"]
[Result "0-1"]
[WhiteElo "2635"]
[BlackElo "2873"]
[TimeControl "180+1"]
[EndTime "8:58:52 PDT"]
[Termination "platy3 won by resignation"]

1. e4 c5 2. Nf3 e6 3. d4 cxd4 4.
Nxd4 Nc6 5. Nb5 d6 6. Bf4 e5 7.
Be3 Nf6 8. Bg5 a6 9. N5c3 Be7 10.
Nd2 O-O 11. Bxf6 Bxf6 12. Nc4 Be6 13. Qxd6 Nd4 14. Qxd8 Rfxd8 15. Ne3 Bg5 16. Bd3 Bxe3 17. fxe3 Nc6 18. O-O-O b5 19. Nd5 Rac8 20. Kb1 Kf8 21. Be2 Na5 22. b3 Nb7 23. Nb6 Rb8 24. Rxd8+ Nxd8 25. Nd5 Rc8 26. Rd1 Nb7 27. c4 Nc5 28. Nc3 b4 29. Nd5 Nxe4 30. Kb2 a5 31. Bf3 Nc5 32.
Nb6 Rb8 33. Nd5 Rd8 34. g3 g6 35. Nb6 Rxd1 36. Bxd1 Ke7 37. Kc2 Kd6 38. Be2 Kc6 39. Na4 Nxa4 40. bxa4 Kc5 41. Kb3 f5 42. h4 h6 43. Bf1 g5 44. hxg5 hxg5 45. Be2 f4 46. exf4 exf4 47. gxf4 gxf4 48. Bf1 f3 49. Bd3 f2 50.
Bf1 Kd4 51. Be2 Bh3 0-1

[Event "Early-Titled-Tuesday-Blitz-May-07-2024"]
[Site "Chess.com"]
[Date "2024.05.07"]
[Round "5"]
[White "Sokoloco"]
[Black "betta2004"]
[Result "1-0"]
[WhiteElo "2806"]
[BlackElo "2544"]
[TimeControl "180+1"]
[EndTime "8:58:56 PDT"]
[Termination "Sokoloco won by resignation"]

1. g3 g6 2. Bg2 Bg7 3. e4 c5 4. c3 Nc6 5. Ne2 e6 6. d4 cxd4 7. cxd4 d5 8. exd5 exd5 9. Nbc3 Nge7 10. Be3 O-O 11. Nf4 Nf5 12. O-O Bxd4 13. Bxd4 Nfxd4 14. Nfxd5 Bf5 15. Qd2 Re8 16. Rfe1 Re6 17. Qh6 Nc2 18. Rxe6 fxe6 19. Rd1 exd5 20. Bxd5+ Kh8 21. Bxc6 Qe7 22. Bf3 Rf8 23. Nd5 Qc5 24. b4 Qd6 25. Ne3 Qe7 26.
Nxf5 Rxf5 27. Be4 Rf8 28. Bxc2 Qe2 29. Qd2 Qf3 30. Qd4+ Kg8 31. Bb3+ Rf7 32. Bxf7+ 1-0

[Event "Early-Titled-Tuesday-Blitz-May-07-2024"]
[Site "Chess.com"]
[Date "2024.05.07"]
[Round "5"]
[White "Tsyhanchuk_Stanislav"]
[Black "martinmena"]
[Result "0-1"]
[WhiteElo "2318"]
[BlackElo "2112"]
[TimeControl "180+1"]
[EndTime "8:58:56 PDT"]
[Termination "martinmena won by checkmate"]

1. e4 c6 2. d4 d5 3. e5 Bf5 4. h4 h5 5. c4 e6 6. Nc3 Ne7 7. Nf3 Nd7 8. c5 Bg4 9. Bd3 Nf5 10. Be2 Be7 11. b4 Bxf3 12. Bxf3 Nxh4 13. a4 g6 14. b5 Bg5 15. Bxg5 Qxg5 16. g3 Nf5 17. Rb1 Ne3 18. fxe3 Qxe3+ 19. Ne2 Qxf3 20. Rf1 Qe3 21.
bxc6 bxc6 22. Rb7 Ke7 23. Qb1 Rhb8 24. Qb2 Qe4 25. Kd1 Ke8 26. Kd2 Rxb7 27. Qxb7 Rb8 28.
Qxa7 Rb2+ 29. Kc3 Qc2# 0-1

[Event "Early-Titled-Tuesday-Blitz-May-07-2024"]
[Site "Chess.com"]
[Date "2024.05.07"]
[Round "5"]
[White "PIwan"]
[Black "HeroWilczek"]
[Result "0-1"]
[WhiteElo "2429"]
[BlackElo "2581"]
[TimeControl "180+1"]
[EndTime "8:58:58 PDT"]
[Termination "HeroWilczek won by resignation"]

1. c4 e5 2. Nc3 Nf6 3. Nf3 Nc6 4. e3 g6 5. d4 exd4 6. exd4 d5 7. Bg5 Be7 8. Bxf6 Bxf6 9. Nxd5 O-O 10. Be2 Bg4 11.
Nxf6+ Qxf6 12. d5 Bxf3 13. gxf3 Nd4 14. O-O Rfe8 15. Bd3 Nxf3+ 16. Kg2 Re5 17. Qxf3 Rg5+ 18. Qg3 Re8 19. b3 Rxg3+ 20. hxg3 Qc3 21. Rfd1 Kg7 22.
Bf1 a5 23. Rac1 Qb2 24. c5 Rd8 25. d6 cxd6 26. cxd6 Rxd6 27. Rxd6 Qxc1 28. Bc4 a4 29. Rd7 a3 30. Rxf7+ Kh6 31. Rxb7 Qc2 32. Bg8 Qc6+ 33. Bd5 Qxd5+ 0-1

[Event "Early-Titled-Tuesday-Blitz-May-07-2024"]
[Site "Chess.com"]
[Date "2024.05.07"]
[Round "5"]
[White "chess_blitz00"]
[Black "average_trans"]
[Result "0-1"]
[WhiteElo "2535"]
[BlackElo "2358"]
[TimeControl "180+1"]
[EndTime "8:58:59 PDT"]
[Termination "average_trans won by checkmate"]

1. c4 c5 2. Nf3 b6 3. d4 cxd4 4. Nxd4 Bb7 5. Nc3 Nf6 6. Bg5 h6 7. Bxf6 gxf6 8. Qd2 Nc6 9. O-O-O Nxd4 10. Qxd4 Qc7 11. e3 O-O-O 12. Nb5 Qb8 13. Kb1 a6 14. Qxb6 Be4+ 15. Bd3 Bxd3+ 16. Rxd3 Qxb6 17. Nd4 e6 18. Rc1 Bc5 19. Nb3 Kc7 20. Rc2 Rb8 21. Nd2 Qc6 22.
f3 f5 23. a3 a5 24. e4 fxe4 25.
Nxe4 f5 26. Nc3 Kd8 27. Rcd2 Ke7 28. Re2 Kf7 29. Red2 Rb7 30. Ka2 Rhb8 31. Nd1 Be7 32. Rc2 Bf6 33. g4 fxg4 34. fxg4 a4 35. Rdd2 Rb3 36.
Rf2 Qb6 37. c5 Rxa3+ 38. Kb1 Qb3 39. Rcd2 Ke7 40. h4 Qa2+ 41. Kc1 Bxh4 42. Nc3 Rxc3+ 43. bxc3 Rb1# 0-1

[Event "Early-Titled-Tuesday-Blitz-May-07-2024"]
[Site "Chess.com"]
[Date "2024.05.07"]
[Round "5"]
[White "nochewycandy"]
[Black "catalin009"]
[Result "1-0"]
[WhiteElo "2818"]
[BlackElo "2565"]
[TimeControl "180+1"]
[EndTime "8:59:00 PDT"]
[Termination "nochewycandy won by resignation"]

1. Nf3 d5 2. g3 Bg4 3. Bg2 Nd7 4. O-O c6 5. c4 e6 6. Qb3 Qb6 7. Nc3 Ngf6 8. d3 Bc5 9. Qc2 Be7 10. Be3 Qc7 11.
Rac1 O-O 12. h3 Bh5 13. g4 Bg6 14. g5 dxc4 15. gxf6 cxd3 16. exd3 Bxf6 17. Ne4 Be7 18. Nc5 Nb6 19. Bg5 Bxg5 20. Nxg5 Qf4 21. Nge4 Rab8 22. Qe2 Rfd8 23. Qe3 Nd5 24. Qxf4 Nxf4 25. Rc2 Nxd3 26.
Nxd3 Rxd3 27. Rc3 Rd4 28. Nc5 e5 29. Nb3 Rd6 30. Re1 f6 31. Rcc1 Rbd8 32. Nc5 Rb8 33.
Rcd1 Rbd8 34. Rxd6 Rxd6 35. Nxb7 Rd2 36. Bxc6 Rxb2 37.
Nc5 Kf8 38. a4 Rc2 39. Nd7+ Ke7 40. Nb8 Kd6 41. Bf3 Kc7 42. Na6+ Kb6 43. Nb4 Rd2 44.
Nd5+ Kc5 45. Ne3 Ra2 46. Rc1+ Kd6 47. a5 Bd3 48. Rd1 Ra3 49. Nc4+ 1-0

[Event "Early-Titled-Tuesday-Blitz-May-07-2024"]
[Site "Chess.com"]
[Date "2024.05.07"]
[Round "5"]
[White "Crasmus"]
[Black "RobRam"]
[Result "1-0"]
[WhiteElo "2382"]
[BlackElo "2536"]
[TimeControl "180+1"]
[EndTime "8:59:00 PDT"]
[Termination "Crasmus won on time"]

1. c4 d6 2. g3 g6 3. Bg2 Bg7 4.
Nc3 Nf6 5. d3 O-O 6. Bg5 h6 7.
Bd2 e5 8. Nf3 Nc6 9. h4 Bg4 10.
O-O Qd7 11. Rb1 Bh3 12. b4 Bxg2 13. Kxg2 Ng4 14. b5 Nd8 15. a4 f5 16. a5 Ne6 17. a6 b6 18. Nd5 e4 19. Nh2 Ne5 20.
Qc2 Nd4 21. Qd1 Rae8 22. Be3 Ne6 23. Qd2 Kh7 24. Rbe1 Rf7 25. f4 exf3+ 26. exf3 c6 27. bxc6 Nxc6 28. Bf2 Rff8 29. Rb1 Ned4 30. Rfe1 Rxe1 31.
Rxe1 Qc8 32. Ne7 Qxa6 33. h5 g5 34. Nxc6 Nxc6 35. Re6 Qb7 36. Rxd6 Ne5 37. Rd5 f4 38. g4 Re8 39. d4 Nxc4 40. Qc2+ Kh8 41. Qxc4 Rc8 42.
Qb3 Qf7 43. Rd8+ 1-0

[Event "Early-Titled-Tuesday-Blitz-May-07-2024"]
[Site "Chess.com"]
[Date "2024.05.07"]
[Round "5"]
[White "LeninGuerra"]
[Black "super_emi_26"]
[Result "1-0"]
[WhiteElo "2669"]
[BlackElo "2872"]
[TimeControl "180+1"]
[EndTime "8:59:01 PDT"]
[Termination "LeninGuerra won by resignation"]

1. e4 e5 2. Nf3 Nc6 3. Bb5 Nf6 4.
Qe2 Bc5 5. O-O O-O 6. Rd1 d6 7. c3 Bg4 8. h3 Bh5 9. d3 a6 10. Ba4 Nd7 11. g4 Bg6 12. Nbd2 Kh8 13. Nf1 b5 14.
Bb3 Bb6 15. Ng3 Nc5 16. Bc2 Ne6 17. Nf5 f6 18. Kh2 d5 19. a4 b4 20. Bb3 dxe4 21. dxe4 Qe8 22. Bd5 Rd8 23. Qxa6 Nf4 24. Bxf4 exf4 25.
a5 bxc3 26. axb6 Nb4 27. Qc4 cxb2 28. Rab1 Nxd5 29. exd5 cxb6 30. Rxb2 Qf7 31. Qxf4 Rxd5 32. Rxd5 Qxd5 33. Ne7 Qe6 34. Nxg6+ hxg6 35. Qe3 Qxe3 36. fxe3 Re8 37. Rb3 Re6 38. Kg3 Rd6 39. Nd4 Kh7 40. Kf4 g5+ 41. Ke4 Kg6 42. Nf5 Re6+ 43. Kd5 Re5+ 44.
Kd4 b5 45. e4 Kh7 46. Ne3 Re7 47. Nd5 Ra7 48. Rxb5 Ra3 49. Ne3 Ra4+ 50. Kd3 Ra3+ 51. Ke2 Ra2+ 52. Kf3 Ra3 53. Rb7 Kg6 54. Re7 Rb3 55.
Ke2 Rb2+ 56. Kd3 Rb3+ 57. Kd2 Rb2+ 58. Kc3 Rh2 59. Nf5 Rxh3+ 60. Kd4 Kh7 61. Rxg7+ Kh8 62. Rf7 Rh1 63. Rxf6 Rg1 64. Ne3 Kg7 65. Ra6 Re1 66.
Nf5+ Kf7 67. Ke5 Rg1 68. Ra7+ Ke8 69. Kf6 Rxg4 70. e5 Ra4 71. Rxa4 1-0